 Dungeon Crawl Stone Soup version 0.18-a0-1788-g92de1ac (webtiles) character file.

489 Mefis the Magician (level 6, -3/38 HPs)
             Began as a High Elf Wizard on Apr 20, 2016.
             Shot with an arrow by a centaur (11 damage)
             ... on level 7 of the Dungeon.
             The game lasted 01:08:43 (6325 turns).

Mefis the Magician (High Elf Wizard)                Turns: 6325, Time: 01:08:44

Health: -3/38      AC:  7    Str:  6    XL:     6   Next: 90%
Magic:  9/15       EV: 13    Int: 23    God:
Gold:   239        SH:  0    Dex: 15    Spells: 6 memorised, 3 levels left

rFire  . . .     SeeInvis .     x - -3 blowgun (curse)
rCold  . . .     Gourm    .     H - +0 robe
rNeg   . . .     Faith    .     (no shield)
rPois  .         Spirit   .     b - +0 hat
rElec  .         Dismiss  .     (no cloak)
rCorr  .         Reflect  .     t - +0 pair of gloves
SustAt .         Harm     .     (no boots)
MR     .....                    (no amulet)
Stlth  ++........               (no ring)
                                l - +4 ring of protection

@: very slightly contaminated, not resistant to hostile enchantments, unstealthy
A: no striking features
a: no special abilities


You were on level 7 of the Dungeon.
You were not hungry.

You visited 2 branches of the dungeon, and saw 6 of its levels.
You also visited: Sewer.

You collected 239 gold pieces.

Inventory:

Hand Weapons
 d - a +0 hand axe of flaming
 e - a +0 club
 g - a +0 dagger
 h - a +0 short sword
 m - a +0 hunting sling
 x - a cursed -3 blowgun (weapon)
 y - a cursed -3 short sword
 C - a +0 quarterstaff
 D - a +0 blowgun
 E - a +0 short sword
Missiles
 s - 32 poisoned needles (quivered)
 v - 7 needles of sleeping
 w - 89 stones
Armour
 b - a +0 hat (worn)
 t - a +0 pair of gloves (worn)
 H - a +0 robe (worn)
Jewellery
 l - a +4 ring of protection (left hand)
Scrolls
 f - 2 scrolls of blinking
 o - 3 scrolls of immolation
 p - 2 scrolls of identify
 q - 2 scrolls of teleportation
 r - 2 scrolls of recharging
Potions
 i - 7 potions of heal wounds
 j - 8 potions of curing
 k - a potion of lignification
 n - 3 potions of might {unknown}
 z - a potion of flight {unknown}
 A - 2 potions of brilliance {unknown}
 B - a potion of agility {unknown}
 F - a potion of berserk rage {unknown}
Books
 c - a book of Minor Magic

   Spells                             Type                      Level
   a - Magic Dart                     Conjuration                  1
   b - Blink                          Translocation                2
   c - Call Imp                       Summoning                    2
   d - Repel Missiles                 Charms/Air                   2
   e - Slow                           Hexes                        2
   f - Conjure Flame                  Conjuration/Fire             3
   g - Mephitic Cloud                 Conjuration/Poison/Air       3
Comestibles
 a - 2 beef jerkies
 u - a slice of pizza
 G - a meat ration
 I - 3 chunks of flesh


   Skills:
 + Level 1.2 Fighting
 + Level 0.2 Short Blades
 + Level 2.4(2.5) Slings
 + Level 0.8(2.0) Throwing
 + Level 3.3 Dodging
 + Level 2.5 Stealth
 + Level 5.7 Spellcasting
 + Level 2.1 Conjurations
 + Level 2.8 Summonings
 + Level 1.1 Translocations
 + Level 0.2 Fire Magic
 + Level 0.1 Poison Magic


You had 3 spell levels left.
You knew the following spells:

 Your Spells              Type           Power        Failure   Level  Hunger
a - Magic Dart            Conj           ###.         3%          1    None
b - Call Imp              Summ           ###.....     4%          2    None
c - Blink                 Tloc           N/A          10%         2    None
d - Repel Missiles        Chrm/Air       #.....       17%         2    None
e - Mephitic Cloud        Conj/Pois/Air  ##......     21%         3    #......
f - Conjure Flame         Conj/Fire      ##......     17%         3    #......


Dungeon Overview and Level Annotations

Branches:
Dungeon (4/15)             Temple (1/1) D:4

Altars:
Ashenzari
Elyvilon
Fedhas
Gozag
Kikubaaqudgha
Makhleb
Nemelex Xobeh
Okawaru
Qazlal
Trog
Xom
Yredelemnul


Message History

You swap places.
The centaur shoots an arrow.
The arrow hits you!
The centaur shoots an arrow.
The arrow hits you but does no damage.
You see here 2 arrows.
Casting: Magic Dart
Confirm with . or Enter, or press ? or * to list all spells.
You miscast Blink.
You are very lightly contaminated with residual magic.
You catch a glimpse of the back of your own head.
The centaur shoots an arrow.
The arrow barely misses you.
Casting: Blink
Confirm with . or Enter, or press ? or * to list all spells.
You blink.
The centaur shoots an arrow.
The arrow hits you.
* * * LOW HITPOINT WARNING * * *
The centaur wields a shortbow.
The centaur shoots an arrow.
The arrow barely misses your crimson imp.
The arrow hits you.
* * * LOW HITPOINT WARNING * * *
Found a stone staircase leading down.
The centaur shoots an arrow.
The arrow hits you!
You die...

...# #.5...#.......(..# ...#
#.....#..>...(...#
...#####'####......(...####.
................####(.......
...............c#..'........
................'5.#...<....
.....>..........#c.#........
......##########(.#......##
###### #...@..+c.....#
#>.....#c.....#
#..##..#......# #.. #..# ...
...# .... ...# .##. #..# #.
+##


You could see a centaur and a friendly crimson imp.

Vanquished Creatures
  An ogre (D:4)
  A scorpion (D:4)
  An orc priest (D:3)
  A hound (D:7)
  5 adders
  3 river rats (Sewer)
  An ooze (D:3)
  2 dart slugs
  A giant gecko (D:1)
  3 orcs
  6 bats
  3 giant cockroaches
  2 goblins
  8 hobgoblins
  18 kobolds
  A quokka (D:4)
  3 ball pythons
  3 giant newts
  11 rats
74 creatures vanquished.

Vanquished Creatures (collateral kills)
  A sky beast (D:7)
  A big kobold (Sewer)
  An orc priest (D:3)
  A giant frog skeleton (D:7)
  A worker ant (D:4)
  5 adders
  2 river rats
  An ooze (D:1)
  2 worms (D:2)
  A dart slug (D:1)
  An orc (D:4)
  4 giant cockroaches
  7 hobgoblins
  2 ball pythons (Sewer)
  2 bats
  3 giant newts
  3 kobolds
  11 rats (Sewer)
49 creatures vanquished.

Grand Total: 123 creatures vanquished

Notes
Turn   | Place    | Note
--------------------------------------------------------------
     0 | D:1      | Mefis the High Elf Wizard began the quest for the Orb.
     0 | D:1      | Reached XP level 1. HP: 11/11 MP: 6/6
   718 | D:1      | Reached XP level 2. HP: 5/17 MP: 0/7
   726 | D:1      | Learned a level 2 spell: Call Imp
   729 | D:1      | Learned a level 2 spell: Blink
   732 | D:1      | Learned a level 2 spell: Repel Missiles
   953 | D:1      | Reached skill level 4 in Spellcasting
  1439 | D:1      | Reached skill level 1 in Summonings
  1953 | D:1      | Reached XP level 3. HP: 22/22 MP: 9/9
  1958 | D:1      | Learned a level 3 spell: Mephitic Cloud
  2355 | D:2      | Found an opulent altar of Gozag.
  2986 | D:3      | Found a glowing drain.
  3006 | D:3      | Reached skill level 1 in Slings
  3006 | D:3      | Reached XP level 4. HP: 27/27 MP: 2/11
  3148 | Sewer    | Entered a sewer
  3254 | Sewer    | Reached XP level 5. HP: 27/32 MP: 3/12
  3259 | Sewer    | Learned a level 3 spell: Conjure Flame
  3707 | Sewer    | Reached skill level 1 in Fighting
  4743 | D:3      | Reached XP level 6. HP: 29/38 MP: 7/14
  5191 | D:4      | Found a white marble altar of Elyvilon.
  5488 | D:4      | Reached skill level 5 in Spellcasting
  5563 | D:4      | Found a staircase to the Ecumenical Temple.
  5573 | Temple   | Entered the Ecumenical Temple
  5897 | D:4      | You fall through a shaft for 3 floors!
  5917 | D:7      | Noticed a sky beast
  6102 | D:7      | Killed a sky beast
  6325 | D:7      | Shot with an arrow by a centaur

Vault maps used:
D:1:      evilmike_arrival_plus
D:2:      first_bread, serial_forest, infiniplex_forest_zigzag_2,
          infiniplex_forest_clump_small, infiniplex_forest_zigzag_1,
          infiniplex_forest_zigzag_1, infiniplex_forest_end_2,
          grunt_gozag_statues
D:3:      portal_sewer_entry_b
D:4:      johnstein_pakellas_shop, minmay_temple_entry_nine_rooms,
          elyvilon_altar_5, uniq_natasha
D:7:      lemuel_coloured_pillars_altar, uniq_prince_ribbit1
Temple:   roderic_octagonal_lattice_temple
Sewer:    sewer_minmay_treatment

Skill      XL: |  1  2  3  4  5  6 |
---------------+-------------------+-----
Spellcasting   | 4 5 |  5.7
Summonings     | 1 2 |  2.8
Slings         | 1 2 |  2.4
Dodging        | 3 |  3.3
Fighting       | 1 |  1.2
Conjurations   | 2 |  2.1
Short Blades   | |  0.2
Throwing       | |  0.8
Stealth        | |  2.5
Translocations | |  1.1
Fire Magic     | |  0.2
Poison Magic   | |  0.1

Action                   |  1- 3 |  4- 6 || total
-------------------------+-------+-------++-------
Melee: Short sword       |    56 |       ||    56
       Unarmed           |     2 |       ||     2
 Fire: Hunting sling     |    33 |   142 ||   175
       Blowgun           |       |     9 ||     9
 Cast: Magic Dart        |    59 |    41 ||   100
       Call Imp          |    18 |    44 ||    62
       Repel Missiles    |     1 |     1 ||     2
       Mephitic Cloud    |     3 |     6 ||     9
       Blink             |       |     2 ||     2
       Conjure Flame     |       |     4 ||     4
  Use: Scroll            |     6 |     2 ||     8
       Potion            |       |     2 ||     2
 Stab: Sleeping          |     2 |       ||     2
       Distracted        |     1 |       ||     1
  Eat: Bread ration      |     2 |     2 ||     4
       Chunk             |     1 |     1 ||     2
Armor: Robe              |    24 |    38 ||    62
Dodge: Dodged            |    68 |   107 ||   175
       Deflected         |     2 |     2 ||     4
